 Dungeon Crawl Stone Soup version 0.29.1-1-gd02db6906a (webtiles) character file.

Game seed: 5860972777000807982

15 ben10mad the Shield-Bearer (level 2, 29/29 HPs)
             Began as a Troll Fighter on Oct 10, 2022.
             Quit the game on level 1 of the Dungeon.
             The game lasted 00:02:01 (745 turns).

ben10mad the Shield-Bearer (Troll Fighter)           Turns: 745, Time: 00:02:02

Health: 29/29      AC:  4    Str: 21 (23) XL:     2   Next: 34%
Magic:  1/1        EV:  8    Int:  1 (4)  God:
Gold:   56         SH:  7    Dex:  7 (9)  Spells: 1/1 levels left

rFire   . . .      SeeInvis .   a - +0 flail
rCold   . . .      Faith    .   c - +0 kite shield
rNeg    . . .      Spirit   .   b - +0 robe
rPois   .          Reflect  .   (helmet restricted)
rElec   .          Harm     .   (no cloak)
rCorr   .          Rampage  .   (gloves unavailable)
Will    .....                   (boots unavailable)
Stlth   +.........              (no amulet)
HPRegen 0.89/turn               (no ring)
MPRegen 0.07/turn               (no ring)

@: no status effects
A: large, unfitting armour, claws 3, regeneration 1, shaggy fur 1, tough skin 1
a: no special abilities


You were on level 1 of the Dungeon.
You visited 1 branch of the dungeon, and saw 1 of its levels.

You collected 56 gold pieces.

Inventory:

Hand Weapons
 a - a +0 flail (weapon)
Armour
 b - a +0 robe (worn)
 c - a +0 kite shield (worn)
Wands
 f - a wand of mindburst (15)
Scrolls
 g - 2 scrolls of fear {unknown}
 i - a scroll of fog {unknown}
 j - 2 scrolls of blinking {unknown}
 m - 2 scrolls of teleportation {unknown}
Potions
 d - a potion of might
 l - 2 potions of degeneration


   Skills:
 + Level 2.7 Fighting
 + Level 1.9 Maces & Flails
 + Level 2.5 Dodging
 + Level 2.9 Shields


You had one spell level left.
You didn't know any spells.
Your spell library was empty.

Dungeon Overview and Level Annotations

Branches:
Dungeon (1/15)

Altars:


Innate Abilities, Weirdness & Mutations

You are too large for most types of armour.
You have claws for hands.
Your natural rate of healing is unusually fast.
You are covered in fur. (AC +1)
You have tough skin. (AC +1)


Message History

No target in view!
No target in view!
You see here a ball python corpse.
You see here a +0 ring mail.
You see here a +0 ring mail.
There is an open door here.
You open the door.
There is an open door here.
There is an open door here.
There is an open door here.
You see here a +0 dagger.
You open the door.
There is an open door here.
Done exploring.
Done exploring.
It was a potion of flight.
You feel very buoyant.
You fly up into the air.
It was a potion of attraction.
You feel attractive to monsters.
It was a potion of curing.
You feel better.
It was a potion of degeneration.
There was something very wrong with that liquid.
You feel weakened.
You feel dopey.
You feel clumsy.
It was a potion of heal wounds.
You feel much better.
Okay, then.
Done exploring.
Done exploring.
There is an open door here.
You feel less attractive to monsters.
You are starting to lose your buoyancy.
You float gracefully downwards.
There is a large open door here.
Unknown command.
Unknown command.
Unknown command.
Unknown command.
Unknown command.
Unknown command.
Are you sure you want to abandon this character and quit the game? (Confirm with "yes".)

..# #..#####.....'....'....
..# ##.## #.....####.#....
..# #..# ####### #.#...# ..#
#.## #.....' ..# ##.##
###...# ..#######...#######
#...# ..#.....#...'.....#
#...# ..#.....#...'..<..#
##### #.#.....##.##...@.#
#.###'####.###''#####
#......##...##......######
##.....##...##...........###
#########.####'######.....#
#.....##.##.....# #..###.#
#..>).'...'.....# #.##
#.######
#.....#...#.....###.#
#.......
#######...########..#
#.######


There were no monsters in sight!

Vanquished Creatures
  An endoplasm (D:1)
  2 giant cockroaches (D:1)
  A quokka (D:1)
  2 ball pythons (D:1)
  A bat (D:1)
  A frilled lizard (D:1)
  4 goblins (D:1)
  2 rats (D:1)
14 creatures vanquished.

Notes
Turn   | Place    | Note
-------+----------+-------------------------------------------
     0 | D:1      | ben10mad the Troll Fighter began the quest for the Orb.
     0 | D:1      | Reached XP level 1. HP: 22/22 MP: 0/0
    22 | D:1      | Found a faded altar of an unknown god.
   228 | D:1      | Reached XP level 2. HP: 29/29 MP: 1/1
   745 | D:1      | Quit the game

Illustrated notes

Levels and vault maps discovered:
D:1:      dpeg_arrival_houses_and_road, layout_basic,
          hellmonk_ecumenical_altar_lost_god

Action                   || total
-------------------------++-------
Melee: Flail             ||    50
  Use: Potion            ||     5
Armor: Robe              ||    25
Dodge: Dodged            ||    17
Block: Kite shield       ||    23
